 Dungeon Crawl Stone Soup version 0.29.0-4-gdea44cf6ec (webtiles) character file.

Game seed: 11154104615431384341

25 qw the Ruffian (level 2, -4/29 HPs)
             Began as a Troll Cinder Acolyte on Sept 2, 2022.
             Was a High Priest of Ignis.
             Engulfed by a cloud of flame (6 damage)
             ... on level 1 of the Dungeon.
             The game lasted 00:00:22 (833 turns).

qw the Ruffian (Troll Cinder Acolyte)                Turns: 833, Time: 00:00:22

Health: -4/29      AC:  4    Str: 21    XL:     2   Next: 86%
Magic:  2/2        EV:  9    Int: 10    God:    Ignis [*****.]
Gold:   47         SH:  0    Dex:  5    Spells: 3/3 levels left

rFire   + . .      SeeInvis .     - Unarmed
rCold   . . .      Faith    .   (no shield)
rNeg    . . .      Spirit   .   a - +0 robe
rPois   .          Reflect  .   (helmet restricted)
rElec   .          Harm     .   (no cloak)
rCorr   .          Rampage  .   (gloves unavailable)
Will    .....                   (boots unavailable)
Stlth   +.........              (no amulet)
HPRegen 0.89/turn               (no ring)
MPRegen 0.08/turn               (no ring)

@: no status effects
A: large, unfitting armour, claws 3, regeneration 1, shaggy fur 1, tough skin 1
a: Renounce Religion, Fiery Armour, Foxfire Swarm, Rising Flame


You were on level 1 of the Dungeon.
You worshipped Ignis.
Ignis was extremely pleased with you.
You visited 1 branch of the dungeon, and saw 1 of its levels.

You collected 47 gold pieces.


Innate Abilities, Weirdness & Mutations

You are too large for most types of armour.
You have claws for hands.
Your natural rate of healing is unusually fast.
You are covered in fur. (AC +1)
You have tough skin. (AC +1)


   Skills:
 - Level 2.4 Fighting
 + Level 4.1 Unarmed Combat
 - Level 1.0 Spellcasting
 - Level 2.1 Fire Magic


You had 3 spell levels left.
You didn't know any spells.
Your spell library contained the following spells:

 Spells                   Type           Power      Damage    Failure   Level
 Scorch                   Fire           8%         2d5       22%         2

Inventory:

Armour
 a - a +0 robe (worn)
Potions
 c - a potion of degeneration {unknown}
 d - a potion of attraction {unknown}
 e - 2 potions of haste {unknown}
 f - a potion of invisibility {unknown}
 g - a potion of curing {unknown}

Dungeon Overview and Level Annotations

Branches:
Dungeon (1/15)

Altars:


Message History

Done exploring.
Enter note: Done exploring.
829 ||| READING scroll labelled UZOIMM PAHUNOJ.
As you read the scroll labelled UZOIMM PAHUNOJ, it crumbles to dust.
Wisps of shadow whirl around you...
It was a scroll of summoning.
Done exploring.
830 ||| READING scroll labelled CYLO ZYZXI.
As you read the scroll labelled CYLO ZYZXI, it crumbles to dust.
You assume a fearsome visage.
Nothing appears to happen.
It was a scroll of fear.
Done exploring.
831 ||| READING scroll labelled PIEGIY MASHRI.
As you read the scroll labelled PIEGIY MASHRI, it crumbles to dust.
The creatures around you are filled with an inner flame!
It was a scroll of immolation.
Done exploring.
832 ||| READING scroll labelled DIRGHI NIRUUDA.
As you read the scroll labelled DIRGHI NIRUUDA, it crumbles to dust.
Your body is wracked with pain!
Your endoplasm convulses!
Flame seeps out of your endoplasm.
Your hobgoblin convulses!
Flame seeps out of your hobgoblin.
Your goblin convulses!
Flame seeps out of your goblin.
It was a scroll of torment.
Your hobgoblin is engulfed in blazing flames.
Your hobgoblin's corpse dissolves into shadows!
Your hobgoblin explodes!
The fiery explosion engulfs your endoplasm!!
Your endoplasm dissolves into shadows!
Your endoplasm explodes!
The fiery explosion engulfs your goblin!
Your goblin's corpse dissolves into shadows!
The fiery explosion engulfs you! You resist.
Your goblin explodes!
The fiery explosion engulfs you. You resist.
You're standing in a cloud of flame!
You are engulfed in blazing flames.
You resist.
You die...

#....... ##......
###.### #..... ###
##..### ##########.#
#...# #..........#
##.##
#.#############.#
#.#@00¤.#.8#.#######
#.#0#####..........#
#.#¤# #...8..8..8#
#.#.# #<.........'
#.#.# #...8..8..8#
#.#.# #..........#
#.#.# #.8#.#######
#.#.# ####'#
#...########.#######


There were no monsters in sight!

Vanquished Creatures
  2 dart slugs (D:1)
  3 ball pythons (D:1)
  3 endoplasms (D:1)
  A goblin (D:1)
  5 hobgoblins (D:1)
  2 bats (D:1)
  3 rats (D:1)
19 creatures vanquished.

Notes
Turn   | Place    | Note
-------+----------+-------------------------------------------
     0 | D:1      | qw the Troll Cinder Acolyte began the quest for the Orb.
     0 | D:1      | Reached XP level 1. HP: 22/22 MP: 1/1
     0 | D:1      | 0 ||| qw: Version: 0.1-a-97-g2dd2ca4
     0 | D:1      | 0 ||| qw: Game counter: 4931
     0 | D:1      | 0 ||| qw: Always use a shield: true
     0 | D:1      | 0 ||| qw: God list: Okawaru
     0 | D:1      | 0 ||| qw: Allow faded altars: false
     0 | D:1      | 0 ||| qw: Do Orc after D:15 true
     0 | D:1      | 0 ||| qw: Do second Lair branch before Depths: true
     0 | D:1      | 0 ||| qw: Lair rune preference: random
     0 | D:1      | 0 ||| qw: Plans: Normal
     0 | D:1      | 0 ||| PLANNING D:1-11
    38 | D:1      | 38 ||| Stepping ~*~*~tactically~*~*~ (outnumbered).
   132 | D:1      | 132 ||| Stepping ~*~*~tactically~*~*~ (hiding).
   135 | D:1      | 135 ||| Stepping ~*~*~tactically~*~*~ (hiding).
   139 | D:1      | Reached XP level 2. HP: 28/29 MP: 2/2
   270 | D:1      | 270 ||| Stepping ~*~*~tactically~*~*~ (stealth).
   276 | D:1      | 276 ||| Stepping ~*~*~tactically~*~*~ (hiding).
   433 | D:1      | Reached skill level 4 in Unarmed Combat
   829 | D:1      | 829 ||| READING scroll labelled UZOIMM PAHUNOJ.
   830 | D:1      | 830 ||| READING scroll labelled CYLO ZYZXI.
   831 | D:1      | 831 ||| READING scroll labelled PIEGIY MASHRI.
   832 | D:1      | 832 ||| READING scroll labelled DIRGHI NIRUUDA.
   832 | D:1      | HP: 6/29 [spore (11)]
   832 | D:1      | HP: 2/29 [spore (4)]
   833 | D:1      | Engulfed by a cloud of flame

Levels and vault maps discovered:
D:1:      elethiomel_arrival_quiet, layout_loops_ring

Skill      XL: |  1  2 |
---------------+-------+-----
Unarmed Combat | 4 |  4.1
Fighting       | |  2.4
Spellcasting   | |  1.0
Fire Magic     | |  2.1

Action                   || total
-------------------------++-------
Melee: Unarmed           ||    35
  Use: Scroll            ||     4
Armor: Robe              ||    14
Dodge: Dodged            ||    18

Table legend:
 A = Non-vault XP
 B = Vault XP
 C = Vault XP percentage of total XP
 D = Non-vault monster count
 E = Vault monster count
 F = Vault count percentage of total count
                 A         B        C        D         E       F
            +---------+---------+-------+---------+---------+-------
      Total |      37 |       0 |   0.0 |      19 |       0 |   0.0
            +---------+---------+-------+---------+---------+-------
        D:1 |      37 |       0 |   0.0 |      19 |       0 |   0.0
            +---------+---------+-------+---------+---------+-------
